 Dungeon Crawl Stone Soup version 0.18.1-48-g4cf74bf (webtiles) character file.

208 Letos the Shield-Bearer (level 6, 0/48 HPs)
             Began as a Formicid Fighter on Aug 31, 2016.
             Succumbed to a killer bee's poison
             ... on level 3 of the Dungeon.
             The game lasted 00:04:03 (2683 turns).

Letos the Shield-Bearer (Formicid Fighter)          Turns: 2683, Time: 00:04:04

Health: 0/48       AC:  9    Str: 26    XL:     6   Next: 11%
Magic:  6/6        EV:  8    Int:  8    God:
Gold:   230        SH: 11    Dex: 17    Spells: 0 memorised, 5 levels left

rFire  . . .     SeeInvis +     a - +0 long sword
rCold  . . .     Gourm    .     b - +0 scale mail
rNeg   . . .     Faith    .     c - +0 shield
rPois  .         Spirit   .     (helmet unavailable)
rElec  .         Dismiss  .     v - +0 cloak
rCorr  .         Reflect  .     o - +0 pair of gloves
SustAt .         Harm     +     (no boots)
MR     .....                    g - amulet of harm
Stlth  ..........               (no ring)
                                q - +6 ring of dexterity

@: mighty, lethally poisoned (0 -> -3), not resistant to hostile enchantments,
extremely unstealthy
A: permanent stasis, dig shafts and tunnels, four strong arms, antennae 3
a: Dig, Shaft Self


You were on level 3 of the Dungeon.
You were not hungry.

You visited 1 branch of the dungeon, and saw 3 of its levels.

You collected 230 gold pieces.

Inventory:

Hand Weapons
 a - a +0 long sword (weapon)
Armour
 b - a +0 scale mail (worn)
 c - a +0 shield (worn)
 o - a +0 pair of gloves (worn)
 v - a +0 cloak (worn)
Jewellery
 g - an amulet of harm (around neck)
 q - a +6 ring of dexterity (left hand)
Wands
 t - a wand of flame (15/48)
Scrolls
 e - 2 scrolls of remove curse {unknown}
 j - 3 scrolls of identify {unknown}
 k - 3 scrolls of noise {unknown}
 l - a scroll of amnesia {unknown}
 p - 2 scrolls of immolation {unknown}
 r - a scroll of teleportation {unknown}
 s - a scroll of enchant weapon {unknown}
Potions
 h - 2 potions of degeneration {unknown}
 i - 2 potions of heal wounds {unknown}
 m - 3 potions of curing {unknown}
 u - a potion of cure mutation {unknown}
 A - a potion of magic {unknown}
 B - a potion of berserk rage {unknown}
Books
 x - a book of Enchantments

   Spells                             Type                      Level
   a - Cause Fear                     Hexes                        4
   b - Yara's Violent Unravelling     Hexes/Transmutation          5
   c - Silence                        Hexes/Air                    5
   d - Deflect Missiles               Charms/Air                   6
   e - Haste                          Charms                       6
   f - Discord                        Hexes                        8
Comestibles
 f - 4 bread rations
 n - 2 slices of pizza
 w - a chunk of flesh
 z - a meat ration


   Skills:
 + Level 4.1 Fighting
 * Level 3.8 Long Blades
 + Level 4.6 Armour
 + Level 4.6 Shields


You had 5 spell levels left.
You didn't know any spells.

Dungeon Overview and Level Annotations

Branches:
Dungeon (3/15)

Altars:
Dithmenos
Elyvilon
Pakellas

Shops:
D:2 }


Innate Abilities, Weirdness & Mutations

You are under a permanent stasis effect.
You can dig through walls and to a lower floor.
Your four strong arms can wield two-handed weapons with a shield.
You have a pair of large antennae on your head (SInv).


Message History

You slash the hobgoblin!
You kill the hobgoblin!
You feel sick.
The steam dragon bites you but does no damage.
The steam dragon barely misses you.
You slash the steam dragon!
The steam dragon is moderately wounded.
The steam dragon bites you.
The steam dragon claws you but does no damage.
You slash the steam dragon!
The steam dragon is almost dead.
You feel sick. The steam dragon breathes steam at you.
The ball of steam hits you!
* * * LOW HITPOINT WARNING * * *
You are too injured to fight recklessly!
You barely miss the steam dragon.
The steam dragon is almost dead.
You are engulfed in a cloud of scalding steam.
You die...

###.##########
#...#.##)### ....#
####.#...#.# #####
............#
.###.#...#.####
##.##........... ##+#
...####...####(#
#...####...###.####....
{#.....rD##...#..........
{ #...#..#@##...........
# #...#..#..+....###.#.#
#...#).#.##.#### #
#...#..###..#
#($/#'##....#
.#####.......##
#...............#
##.......##.###....
##########.# ####


You could see a steam dragon and a rat.

Vanquished Creatures
  A killer bee (D:3)
  Crazy Yiuf (D:2)
  Jessica (D:3)
  3 adders (D:2)
  A gnoll (D:1)
  An ooze (D:1)
  A worm (D:2)
  4 dart slugs
  2 giant geckos
  2 giant cockroaches (D:2)
  11 hobgoblins
  A quokka (D:3)
  A ball python (D:3)
  3 bats
  A giant newt (D:2)
  13 goblins
  7 kobolds
  5 rats
59 creatures vanquished.

Notes
Turn   | Place    | Note
--------------------------------------------------------------
     0 | D:1      | Letos the Formicid Fighter began the quest for the Orb.
     0 | D:1      | Reached XP level 1. HP: 18/18 MP: 1/1
    42 | D:1      | You fall through a shaft!
   238 | D:1      | Reached XP level 2. HP: 24/24 MP: 2/2
   422 | D:1      | Reached XP level 3. HP: 23/29 MP: 3/3
  1263 | D:2      | Reached XP level 4. HP: 19/37 MP: 4/4
  1482 | D:2      | Found a white marble altar of Elyvilon.
  1516 | D:2      | Found an oddly glowing altar of Pakellas.
  1516 | D:2      | Found Pakellas's Prime Provisions.
  1862 | D:2      | Noticed Crazy Yiuf
  1869 | D:2      | Killed Crazy Yiuf
  1869 | D:2      | Reached XP level 5. HP: 23/42 MP: 5/5
  2432 | D:3      | Noticed Jessica
  2436 | D:3      | Killed Jessica
  2568 | D:3      | Found a shadowy altar of Dithmenos.
  2663 | D:3      | Noticed a steam dragon
  2676 | D:3      | Reached XP level 6. HP: 30/48 MP: 6/6
  2682 | D:3      | HP: 1/48 [steam dragon/ball of steam (18)]
  2683 | D:3      | Succumbed to a killer bee's poison

Skill      XL: |  1  2  3  4  5 |
---------------+----------------+-----
Armour         | 4 |  4.6
Shields        | 4 |  4.6
Long Blades    | 3 |  3.8
Fighting       | 4 |  4.1

Action                   |  1- 3 |  4- 6 || total
-------------------------+-------+-------++-------
Melee: Long sword        |   120 |   102 ||   222
 Abil: Dig               |       |     2 ||     2
  Use: Potion            |       |     1 ||     1
  Eat: Chunk             |     1 |     5 ||     6
Armor: Scale mail        |    46 |    44 ||    90
Dodge: Dodged            |    31 |    35 ||    66
Block: Shield            |    48 |    49 ||    97
